 Seeded DCSS version 0.32-a0-928-g1cae6b7ea0 (webtiles) character file.

Game seed: 20240412 (custom seed)

55 Orlauf the Chopper (level 3, 0/28 HPs)
             Began as a Demonspawn Gladiator on Apr 12, 2024.
             Slain by a gnoll
             ... wielding a +0 halberd
              (5 damage)
             ... on level 2 of the Dungeon.
             The game lasted 00:01:10 (856 turns).

Orlauf the Chopper (Demonspawn Gladiator)            Turns: 856, Time: 00:01:11

Health: 0/28       AC:  9    Str: 16    XL:     3   Next: 67%
Magic:  3/3        EV:  9    Int:  8    God:
Gold:   94         SH:  0    Dex: 14    Spells: 2/2 levels left

rFire   . . .        a - +0 war axe
rCold   . . .        (no shield)
rNeg    . . .        h - +0 scale mail
rPois   .            c - +0 helmet
rElec   .            (no cloak)
rCorr   .            (no gloves)
SInv    .            b - +1 pair of boots
Will    .....        (no amulet) Stlth
                     (no ring)
HPRegen 0.24/turn    (no ring)
MPRegen 0.08/turn

%: no passive effects
@: wreathed by umbra
A: foul shadow 1
a: no special abilities


You were on level 2 of the Dungeon.
You visited 1 branch of the dungeon, and saw 2 of its levels.

You collected 94 gold pieces.

Inventory:

Hand Weapons
 a - a +0 war axe (weapon)
Missiles
 d - 3 throwing nets (quivered)
 e - a javelin
Armour
 b - a +1 pair of boots (worn)
 c - a +0 helmet (worn)
 h - a +0 scale mail (worn)
Jewellery
 i - a +6 ring of intelligence
Scrolls
 f - 2 scrolls of blinking
 g - a scroll of identify {unknown}
Potions
 j - a potion of cancellation {unknown}
 k - a potion of mutation {unknown}
 l - a potion of curing {unknown}


   Skills:
 + Level 2.8 Fighting
 * Level 3.8 Axes
 - Level 1.7 Throwing
 - Level 2.6 Dodging


You had 2 spell levels left.
You didn't know any spells.
Your spell library was empty.

Dungeon Overview and Level Annotations

Branches:
Dungeon (2/15)

Altars:


Innate Abilities, Weirdness & Mutations

You are faintly shadowed, very rarely releasing foul flame when damaged in melee.


Message History

You kill the gnoll!
The gnoll closely misses you.
Things that are here:
a +0 spear; a gnoll corpse You slash the gnoll!
The gnoll is severely wounded.
You hit the gnoll but do no damage. The gnoll hits you with a +0 halberd!
The gnoll misses you.
You hit the gnoll.
The gnoll is almost dead.
You hit the gnoll but do no damage. The gnoll barely misses you.
The gnoll hits you but does no damage. The gnoll closely misses you. x2
You barely miss the gnoll.
The gnoll is almost dead.
You barely miss the gnoll. The gnoll closely misses you. The gnoll misses you.
You hit the gnoll.
You kill the gnoll!
You hit the gnoll. The gnoll hits you but does no damage.
You closely miss the gnoll.
The gnoll is moderately wounded.
You closely miss the gnoll. The gnoll closely misses you.
The gnoll hits you but does no damage. The gnoll hits you with a +0 halberd.
The gnoll hits you with a +0 flail!
You hit the gnoll.
The gnoll is severely wounded.
You closely miss the gnoll. The gnoll barely misses you.
The gnoll completely misses you.
You hit the gnoll but do no damage.
The gnoll is severely wounded.
You slash the gnoll! The gnoll hits you with a +0 flail.
* * * LOW HITPOINT WARNING * * *
The gnoll hits you with a +0 halberd.
* * * LOW HITPOINT WARNING * * *
Unknown command.
You hit the gnoll.
The gnoll is almost dead.
You slash the gnoll!
You kill the gnoll!
The gnoll barely misses you. The gnoll hits you with a +0 halberd.
You die...

#.## #..#
#####.######..
#............#
#..####.#########
.. #.# ##... #.#
... #
.###.##.###)##...#
.....(....@g......
..~~~~............
.#~≈≈~~~###.......
#~≈≈≈≈~~ .......
##~~≈≈≈≈ ~~..(.~
##~~~≈≈≈ ≈~~~~~~
###~~~≈ ≈≈≈≈≈≈≈
##.~~~~≈≈≈≈≈≈


You could see a gnoll.

Vanquished Creatures
  3 gnolls (D:2)
  An adder (D:2)
  4 endoplasms (D:1)
  5 jackals (D:1)
  2 quokkas
  4 ball pythons
  A bat (D:2)
  4 goblins (D:1)
  A kobold (D:1)
25 creatures vanquished.

Notes
Turn   | Place    | Note
-------+----------+-------------------------------------------
     0 | D:1      | Orlauf the Demonspawn Gladiator began the quest for the
                  | Orb.
     0 | D:1      | Reached XP level 1. HP: 16/16 MP: 1/1
   145 | D:1      | Reached skill level 3 in Axes
   205 | D:1      | Gained mutation: You are faintly shadowed, very rarely
                  | releasing foul flame when damaged in melee. [demonic
                  | ancestry]
   205 | D:1      | Reached XP level 2. HP: 20/22 MP: 2/2
   776 | D:2      | Found a faded altar of an unknown god.
   781 | D:2      | Reached XP level 3. HP: 23/28 MP: 3/3
   856 | D:2      | Slain by a gnoll

Illustrated notes

Levels and vault maps discovered:
D:1:      sevenhm_arrival_forest_fort_small_6, layout_loops_ring,
          minmay_tetromino_i2
D:2:      wander_river, layout_rooms, ebering_ecumenical_altar_ruins

Skill      XL: |  1 |
---------------+----+-----
Axes           | 3 |  3.8
Fighting       | |  2.8
Throwing       | |  1.7
Dodging        | |  2.6

Action                     || total
---------------------------++-------
  Melee: War axe           ||    60
    Use: Scroll            ||     3
 Armour: Leather armour    ||     7
         Ring mail         ||     4
         Scale mail        ||    35
  Dodge: Dodged            ||    45

Table legend: (Time is in decaauts)
 A = Elapsed time spent in this place.
 B = Non-inter-level travel time spent in this place.
 C = Inter-level travel time spent in this place.
 D = Time resting spent in this place.
 E = Time spent auto-exploring this place.
 F = Levels seen in this place.
 G = Mean time per level.
                   A        B        C        D        E       F      G
               +--------+--------+--------+--------+--------+-----+--------+
         Total |    876 |    835 |     41 |     55 |    593 |   2 |  438.0 |
       Dungeon |    876 |    835 |     41 |     55 |    593 |   2 |  438.0 |
               +--------+--------+--------+--------+--------+-----+--------+

Top non-repeatable levels by time:
     D:1: 774 daAuts
     D:2: 101 daAuts
